Philadelphia Phantoms vs Tucson Roadrunners

Created - Tuesday, December 9, 2025 at 07:17

Goals
1 2 3 T
Philadelphia Phantoms 0 3 3 6
Tucson Roadrunners 1 0 2 3
Shots
1 2 3 T
Philadelphia Phantoms 4 12 13 29
Tucson Roadrunners 8 13 17 38

1st period

1. Tucson Roadrunners , Chase Wheatcroft 4 (Ivan Ivan 12, Hunter Haight 7) at 14:46

Penalties :
Jack McBain (PHP) for Boarding (Minor) at 9:12, Michael Carcone (PHP) for Holding Stick (Minor) at 15:17

2nd period

2. Philadelphia Phantoms , Luca Del Bel Belluz 5 (J.J. Moser 5) at 1:50
3. Philadelphia Phantoms , Marc Gatcomb 1 (Nils Aman 6, Alex Steeves 7) at 6:40
4. Philadelphia Phantoms , Juuso Parssinen 5 (Adam Klapka 7, Alex Steeves 8) at 10:15

Penalties :
Trevor Kuntar (TRR) for Fighting (Major) at 13:52, Jack McBain (PHP) for Fighting (Major) at 13:52

3rd period

5. Philadelphia Phantoms , Marc Gatcomb 2 (Nils Aman 7, Zac Jones 5) at 0:10
6. Philadelphia Phantoms , Juuso Parssinen 6 (Alex Steeves 9) at 3:58 (SH)
7. Tucson Roadrunners , Walker Duehr 14 (William Carrier 9) at 5:26
8. Philadelphia Phantoms , Alex Steeves 8 (Zac Jones 6, Adam Klapka 8) at 10:11 (PP)
9. Tucson Roadrunners , Chase Wheatcroft 5 (Hunter Haight 8, Ivan Ivan 13) at 13:18

Penalties :
Louis Crevier (PHP) for Holding (Minor) at 3:20, Ryan Winterton (PHP) for Tripping (Minor) at 6:48, Maxwell Crozier (TRR) for High sticking (Minor) at 9:38, Owen Lindmark (TRR) for Fighting (Major) at 11:12, Jack McBain (PHP) for Fighting (Major) at 11:12

Goalie Stats

Cooper Black (PHP), 35 saves from 38 shots - (0.921), W, 9-3-1, 60:00 minutes
Vyacheslav Peksa (TRR), 6 saves from 8 shots - (0.750), L, 1-1-0, 13:43 minutes
Arturs Silovs (TRR), 17 saves from 21 shots - (0.810), 46:17 minutes

Players Stats for Philadelphia Phantoms

Player Name              G  A  P  +/- PIM S  H  SB GA TA FO     MP     PP MP  PK MP  
------------------------------------------------------------------------------------
Adam Klapka              0  2  2   1  0   2  2  0  0  0  1/2    13:22   0:13   0:00 
Albert Johansson         0  0  0  -1  0   0  0  1  0  0  0/0    15:02   0:00   0:00 
Alex Steeves             1  3  4   2  0   6  0  3  2  0  7/17   18:27   0:13   3:55 
J.J. Moser               0  1  1   3  0   1  1  1  0  0  0/0    23:30   0:06   5:08 
Jack McBain              0  0  0  -1  12  1  2  0  0  1  10/14  13:18   0:20   2:31 
Jacob Quillan            0  0  0   1  0   1  0  0  0  1  6/8    15:25   0:00   1:22 
Juuso Parssinen          2  0  2   2  0   4  3  1  1  0  1/1    17:12   0:00   4:03 
Louis Crevier            0  0  0   0  2   0  1  1  0  0  0/0    21:06   0:27   2:27 
Luca Del Bel Belluz      1  0  1   0  0   3  0  1  0  1  5/10   12:51   0:20   0:00 
Marc Gatcomb             2  0  2   1  0   2  1  0  1  0  0/1    13:00   0:20   0:00 
Michael Callahan         0  0  0   0  0   0  0  0  0  0  0/0     0:00   0:00   0:00 
Michael Carcone          0  0  0   0  2   2  0  0  1  0  0/0    12:46   0:00   0:00 
Nikolai Kovalenko        0  0  0   0  0   1  1  0  1  0  0/0    12:44   0:13   0:00 
Nils Aman                0  2  2   1  0   2  3  0  0  0  0/1    13:15   0:00   0:27 
Ryan Winterton           0  0  0   0  2   1  3  0  0  1  0/0    12:47   0:00   0:00 
Samuel Johannesson       0  0  0   2  0   1  2  1  1  0  0/0    22:17   0:06   3:55 
Tye Kartye               0  0  0  -1  0   1  1  1  1  0  0/0    16:45   0:00   3:34 
Tyler Kleven             0  0  0  -2  0   0  1  1  0  0  0/0    15:30   0:00   0:21 
Zac Jones                0  2  2   1  0   1  0  1  0  0  0/0    22:41   0:27   4:01 

Players Stats for Tucson Roadrunners

Player Name              G  A  P  +/- PIM S  H  SB GA TA FO     MP     PP MP  PK MP  
------------------------------------------------------------------------------------
                         0  0  0   0  0   0  0  0  0  0  0/0     0:00   0:00   0:00 
Atley Calvert            0  0  0  -1  0   3  0  0  0  0  4/5    14:09   0:07   0:00 
Chase Wheatcroft         2  0  2   0  0   3  2  2  0  0  0/0    17:25   4:02   0:00 
Fabian Wagner            0  0  0  -1  0   1  0  0  0  1  0/1    12:24   0:04   0:00 
Hunter Drew              0  0  0   0  0   1  1  0  0  0  0/0    19:23   3:58   0:33 
Hunter Haight            0  2  2   0  0   1  1  0  0  0  2/3    17:25   4:02   0:00 
Ivan Ivan                0  2  2   0  0   5  1  1  0  0  2/8    17:35   3:59   0:13 
Maxwell Crozier          0  0  0   0  2   2  3  1  1  3  0/0    21:23   3:58   0:00 
Ondrej Pavel             0  0  0  -1  0   2  1  0  1  0  2/3     9:08   0:00   0:00 
Owen Lindmark            0  0  0  -1  5   0  2  0  0  0  0/0     8:03   0:00   0:00 
Ryan Mast                0  0  0  -1  0   3  1  0  0  0  0/0    17:22   0:00   0:00 
Samuel Knazko            0  0  0  -2  0   0  0  2  0  0  0/0    19:13   3:58   0:00 
Steven Lorentz           0  0  0   0  0   3  2  0  1  1  13/29  20:50   3:50   0:20 
Tanner Dickinson         0  0  0  -1  0   1  1  1  0  0  1/1    13:02   0:04   0:00 
Topias Vilen             0  0  0   0  0   2  1  1  0  2  0/0    19:00   0:00   0:00 
Trevor Kuntar            0  0  0  -1  5   1  0  0  1  0  0/1     7:51   0:00   0:00 
Tyson Barrie             0  0  0  -1  0   5  1  1  0  0  0/0    23:38   3:58   0:33 
Walker Duehr             1  0  1   0  0   3  0  0  0  0  0/3    20:43   3:50   0:13 
William Carrier          0  1  1   0  0   2  1  1  0  1  0/0    20:50   3:50   0:20 

3 Stars

1 - Alex Steeves (PHP)
2 - Juuso Parssinen (PHP)
3 - Marc Gatcomb (PHP)

Power Play

Philadelphia Phantoms - 1 on 1 Attempt(s) - 100.00%
Tucson Roadrunners - 0 on 4 Attempt(s) - 0.00%

Penalty Kill

Philadelphia Phantoms - 4 on 4 Attempt(s) - 100.00% - Score 1 goal in Penalty Kill
Tucson Roadrunners - 0 on 1 Attempt(s) - 0.00% - Score 0 goal in Penalty Kill

Team Stat

Philadelphia Phantoms - Hits : 21 - Faceoff Wins : 30 - Blocked Shots : 12 - Penalty Minutes : 18
Tucson Roadrunners - Hits : 18 - Faceoff Wins : 24 - Blocked Shots : 10 - Penalty Minutes : 12

Official

Referees : Brian Pochmara and Morgan Macphee
Linesman : James Tobias and Justin Johnson

Game Notes

Vyacheslav Peksa enters game at 10:15 of 2nd period
Jack McBain beats up Trevor Kuntar at 13:52 of 2nd period
Arturs Silovs enters game at 3:58 of 3rd period
Owen Lindmark and Jack McBain fight to a draw at 11:12 of 3rd period

Philadelphia Phantoms

5 vs 5 Forward 
   Center                   Left Wing                Right Wing               Time % Phy DF OF 
 1 Luca Del Bel Belluz      Nikolai Kovalenko        Ryan Winterton           25     1   2  2  
 2 Alex Steeves             Marc Gatcomb             Nils Aman                25     1   2  2  
 3 Jack McBain              Michael Carcone          Tye Kartye               25     1   2  2  
 4 Jacob Quillan            Adam Klapka              Juuso Parssinen          25     1   2  2  

5 vs 5 Defense 
   Defense                  Defense                                           Time % Phy DF OF 
 1 Zac Jones                Louis Crevier                                     35     1   2  2  
 2 Samuel Johannesson       J.J. Moser                                        35     1   2  2  
 3 Albert Johansson         Tyler Kleven                                      30     1   2  2  
 4 Zac Jones                Louis Crevier                                     0      1   2  2  

PowerPlay Forward 
   Center                   Left Wing                Right Wing               Time % Phy DF OF 
 1 Luca Del Bel Belluz      Marc Gatcomb             Jack McBain              50     1   2  2  
 2 Alex Steeves             Adam Klapka              Nikolai Kovalenko        50     1   2  2  

PowerPlay Defense
   Defense                  Defense                                           Time % Phy DF OF 
 1 Zac Jones                Louis Crevier                                     50     1   2  2  
 2 Samuel Johannesson       J.J. Moser                                        50     1   2  2  

Penalty Kill 4 Players Forward 
   Center                   Wing                     Time % Phy DF OF 
 1 Jack McBain              Tye Kartye               50     1   2  2  
 2 Alex Steeves             Juuso Parssinen          50     1   2  2  

Penalty Kill 4 Players Defense
   Defense                  Defense                  Time % Phy DF OF 
 1 Zac Jones                Louis Crevier            50     1   2  2  
 2 Samuel Johannesson       J.J. Moser               50     1   2  2  

Penalty Kill - 3 Players Forward 
   Forward                                           Time % Phy DF OF 
 1 Jack McBain                                       50     1   2  2  
 2 Tye Kartye                                        50     1   2  2  

Penalty Kill - 3 Players Defense
   Defense                  Defense                  Time % Phy DF OF 
 1 Zac Jones                Louis Crevier            50     1   2  2  
 2 Samuel Johannesson       J.J. Moser               50     1   2  2  

4 vs 4 Forward 
   Center                   Wing                     Time % Phy DF OF 
 1 Luca Del Bel Belluz      Marc Gatcomb             50     1   2  2  
 2 Alex Steeves             Adam Klapka              50     1   2  2  

4 vs 4 Defense
   Defense                  Defense                  Time % Phy DF OF 
 1 Zac Jones                Louis Crevier            50     1   2  2  
 2 Samuel Johannesson       J.J. Moser               50     1   2  2  

Last Minutes Offensive
   Center                   Left Wing                Right Wing               Defense                  Defense                  
   Luca Del Bel Belluz      Marc Gatcomb             Adam Klapka              Zac Jones                Louis Crevier            

Last Minutes Defensive
   Center                   Left Wing                Right Wing               Defense                  Defense                  
   Jack McBain              Juuso Parssinen          Tye Kartye               Zac Jones                J.J. Moser               

Goaltenders
Starting : Cooper Black             
Backup : Colten Ellis             

Extra Forwards
Normal : Alex Steeves, Jacob Quillan, Tye Kartye - PP : Marc Gatcomb, Adam Klapka - PK : Tye Kartye
Extra Defensemen
Normal : Zac Jones, Louis Crevier, J.J. Moser - PP : Zac Jones - PK : Zac Jones, Louis Crevier
Penalty Shots
Alex Steeves, Jacob Quillan, Marc Gatcomb, Adam Klapka, Michael Carcone

Scratches
James Malatesta (Healthy), Jaroslav Chmelar (Healthy), Kai Uchacz (Healthy), Noah Laba (Healthy), Parker Bell (Healthy)
Gavin Hayes (Healthy), Anton Johansson (Healthy), Isaac Poulter (Healthy)

Tucson Roadrunners

5 vs 5 Forward 
   Center                   Left Wing                Right Wing               Time % Phy DF OF 
 1 Steven Lorentz           William Carrier          Walker Duehr             35     0   2  3  
 2 Ivan Ivan                Chase Wheatcroft         Hunter Haight            30     0   2  3  
 3 Atley Calvert            Tanner Dickinson         Fabian Wagner            25     0   2  3  
 4 Ondrej Pavel             Trevor Kuntar            Owen Lindmark            10     0   2  3  

5 vs 5 Defense 
   Defense                  Defense                                           Time % Phy DF OF 
 1 Topias Vilen             Tyson Barrie                                      38     1   3  1  
 2 Maxwell Crozier          Ryan Mast                                         37     1   3  1  
 3 Hunter Drew              Samuel Knazko                                     25     1   3  1  
 4 Maxwell Crozier          Tyson Barrie                                      0      1   3  1  

PowerPlay Forward 
   Center                   Left Wing                Right Wing               Time % Phy DF OF 
 1 Steven Lorentz           William Carrier          Walker Duehr             50     0   1  4  
 2 Ivan Ivan                Chase Wheatcroft         Hunter Haight            50     0   1  4  

PowerPlay Defense
   Defense                  Defense                                           Time % Phy DF OF 
 1 Samuel Knazko            Tyson Barrie                                      50     1   1  3  
 2 Maxwell Crozier          Hunter Drew                                       50     1   1  3  

Penalty Kill 4 Players Forward 
   Center                   Wing                     Time % Phy DF OF 
 1 Steven Lorentz           William Carrier          50     1   3  1  
 2 Ivan Ivan                Walker Duehr             50     1   3  1  

Penalty Kill 4 Players Defense
   Defense                  Defense                  Time % Phy DF OF 
 1 Hunter Drew              Tyson Barrie             50     1   4  0  
 2 Maxwell Crozier          Samuel Knazko            50     1   4  0  

Penalty Kill - 3 Players Forward 
   Forward                                           Time % Phy DF OF 
 1 Steven Lorentz                                    50     1   3  1  
 2 William Carrier                                   50     1   3  1  

Penalty Kill - 3 Players Defense
   Defense                  Defense                  Time % Phy DF OF 
 1 Samuel Knazko            Tyson Barrie             50     1   3  1  
 2 Maxwell Crozier          Hunter Drew              50     1   3  1  

4 vs 4 Forward 
   Center                   Wing                     Time % Phy DF OF 
 1 Steven Lorentz           William Carrier          50     0   1  4  
 2 Ivan Ivan                Walker Duehr             50     0   1  4  

4 vs 4 Defense
   Defense                  Defense                  Time % Phy DF OF 
 1 Hunter Drew              Tyson Barrie             50     1   1  3  
 2 Maxwell Crozier          Samuel Knazko            50     1   1  3  

Last Minutes Offensive
   Center                   Left Wing                Right Wing               Defense                  Defense                  
   Steven Lorentz           William Carrier          Walker Duehr             Maxwell Crozier          Tyson Barrie             

Last Minutes Defensive
   Center                   Left Wing                Right Wing               Defense                  Defense                  
   Steven Lorentz           William Carrier          Walker Duehr             Maxwell Crozier          Tyson Barrie             

Goaltenders
Starting : Arturs Silovs            
Backup : Vyacheslav Peksa         

Extra Forwards
Normal : Atley Calvert, Tanner Dickinson, Ondrej Pavel - PP : Atley Calvert, Tanner Dickinson - PK : Ondrej Pavel
Extra Defensemen
Normal : Hunter Drew, Samuel Knazko, Maxwell Crozier - PP : Hunter Drew - PK : Samuel Knazko, Maxwell Crozier
Penalty Shots
Steven Lorentz, William Carrier, Ivan Ivan, Walker Duehr, Hunter Haight

Scratches
Zach Dean (Healthy), Lleyton Moore (Healthy), Corson Ceulemans (Healthy), Dyllan Gill (Healthy), Carter Hart (Healthy)
Magnus Chrona (Healthy), Georgi Romanov (Healthy), Kevin Mandolese (Healthy), Hunter Shepard (Healthy), Kaapo Kahkonen (Healthy)
Ruslan Khazheyev (Healthy)

% Time on Ice - Philadelphia Phantoms

Lines # - Real PCT - Wanted PCT - Time Play
Normal Forward
1 - 25% - 25% - 12:55
2 - 25% - 25% - 12:40
3 - 25% - 25% - 12:47
4 - 26% - 25% - 13:09
Normal Defense
1 - 35% - 35% - 18:13
2 - 35% - 35% - 18:16
3 - 29% - 30% - 15:02
4 - 0% - 0% - 0:00
PP Forward
1 - 61% - 50% - 0:20
2 - 39% - 50% - 0:13
PP Defense
1 - 82% - 50% - 0:27
2 - 18% - 50% - 0:06
PK Forward
1 - 48% - 50% - 3:48
2 - 52% - 50% - 4:08
PK Defense
1 - 51% - 50% - 4:01
2 - 49% - 50% - 3:55
PK3 Forward
1 - 0% - 50%
2 - 0% - 50%
PK3 Defense
1 - 0% - 50%
2 - 0% - 50%
44 Forward
1 - 0% - 50%
2 - 0% - 50%
44 Defense
1 - 0% - 50%
2 - 0% - 50%
Last Minute Offensive  - 0:00
Last Minute Defensive  - 0:00
Total
Forward - 60:00
Defense - 60:00

% Time on Ice - Tucson Roadrunners

Lines # - Real PCT - Wanted PCT - Time Play
Normal Forward
1 - 32% - 35% - 16:40
2 - 26% - 30% - 13:38
3 - 23% - 25% - 12:05
4 - 18% - 10% - 9:08
Normal Defense
1 - 37% - 38% - 19:17
2 - 36% - 37% - 18:37
3 - 26% - 25% - 13:37
4 - 0% - 0% - 0:00
PP Forward
1 - 48% - 50% - 3:50
2 - 52% - 50% - 4:06
PP Defense
1 - 50% - 50% - 3:58
2 - 50% - 50% - 3:58
PK Forward
1 - 61% - 50% - 0:20
2 - 39% - 50% - 0:13
PK Defense
1 - 100% - 50% - 0:33
2 - 0% - 50% - 0:00
PK3 Forward
1 - 0% - 50%
2 - 0% - 50%
PK3 Defense
1 - 0% - 50%
2 - 0% - 50%
44 Forward
1 - 0% - 50%
2 - 0% - 50%
44 Defense
1 - 0% - 50%
2 - 0% - 50%
Last Minute Offensive  - 0:00
Last Minute Defensive  - 0:00
Total
Forward - 60:00
Defense - 60:00

Play-by-Play

1st period


0:01 of 1st period - Luca Del Bel Belluz wins face-off versus Steven Lorentz in neutral zone.
0:26 of 1st period - Snap shot by Ivan Ivan.
0:26 of 1st period - Shot Blocked by Zac Jones.
1:18 of 1st period - Snap shot by Ondrej Pavel.
1:18 of 1st period - Deflect By Trevor Kuntar.
1:18 of 1st period - Stopped by Cooper Black with a rebound.
1:20 of 1st period - Slapshot by Ryan Mast.
1:20 of 1st period - Stopped by Cooper Black without a rebound.
1:21 of 1st period - Alex Steeves wins face-off versus Steven Lorentz in Philadelphia Phantoms zone.
1:38 of 1st period - Albert Johansson is hit by Steven Lorentz and loses puck.
3:03 of 1st period - Snap shot by Jack McBain.
3:03 of 1st period - Shot Misses the Net.
5:45 of 1st period - Ivan Ivan is hit by Nikolai Kovalenko and loses puck.
6:27 of 1st period - Jack McBain is hit by Ondrej Pavel and loses puck.
6:38 of 1st period - Wrist shot by Jack McBain.
6:38 of 1st period - Deflect By Jacob Quillan.
6:38 of 1st period - Stopped by Arturs Silovs with a rebound.
6:40 of 1st period - Wrist shot by Juuso Parssinen.
6:40 of 1st period - Shot Misses the Net.
6:48 of 1st period - Snap shot by Juuso Parssinen.
6:48 of 1st period - Shot Misses the Net.
6:50 of 1st period - Wrist shot by Juuso Parssinen.
6:50 of 1st period - Stopped by Arturs Silovs with a rebound.
7:00 of 1st period - Snap shot by Alex Steeves.
7:00 of 1st period - Stopped by Arturs Silovs with a rebound.
8:02 of 1st period - Slapshot by Adam Klapka.
8:02 of 1st period - Shot Misses the Net.
8:41 of 1st period - Slapshot by Hunter Haight.
8:41 of 1st period - Shot Misses the Net.
8:53 of 1st period - Icing by Walker Duehr.
8:54 of 1st period - Jack McBain wins face-off versus Steven Lorentz in Tucson Roadrunners zone.
8:57 of 1st period - Wrist shot by Jack McBain.
8:57 of 1st period - Shot Blocked by William Carrier.
9:03 of 1st period - Ryan Mast is hit by Tye Kartye and loses puck.
9:12 of 1st period - Minor Penalty to Jack McBain for Boarding.
9:13 of 1st period - Steven Lorentz wins face-off versus Jacob Quillan in Philadelphia Phantoms zone.
9:18 of 1st period - Wrist shot by Steven Lorentz.
9:18 of 1st period - Shot Blocked by Tye Kartye.
10:25 of 1st period - Maxwell Crozier is hit by J.J. Moser and loses puck.
11:12 of 1st period - Penalty to Jack McBain is over, Jack McBain is back on ice.
11:44 of 1st period - Ondrej Pavel is hit by Tyler Kleven and loses puck.
11:51 of 1st period - Tyler Kleven is hit by Tyson Barrie and loses puck.
13:23 of 1st period - Louis Crevier is hit by Maxwell Crozier and loses puck.
13:36 of 1st period - Owen Lindmark is hit by Ryan Winterton and loses puck.
14:12 of 1st period - Snap shot by Walker Duehr.
14:12 of 1st period - Stopped by Cooper Black without a rebound.
14:13 of 1st period - Atley Calvert wins face-off versus Luca Del Bel Belluz in Philadelphia Phantoms zone.
14:22 of 1st period - Wrist shot by Fabian Wagner.
14:22 of 1st period - Shot Blocked by Luca Del Bel Belluz.
14:24 of 1st period - Snap shot by Topias Vilen.
14:24 of 1st period - Stopped by Cooper Black with a rebound.
14:26 of 1st period - Slapshot by Tyson Barrie.
14:26 of 1st period - Stopped by Cooper Black with a rebound.
14:28 of 1st period - Slapshot by Hunter Drew.
14:28 of 1st period - Shot Misses the Net.
14:46 of 1st period - Slapshot by Chase Wheatcroft.
14:46 of 1st period - Goal by Chase Wheatcroft - Philadelphia Phantoms : 0 - Tucson Roadrunners : 1.
14:47 of 1st period - Jacob Quillan wins face-off versus Steven Lorentz in neutral zone.
14:50 of 1st period - Snap shot by Juuso Parssinen.
14:50 of 1st period - Stopped by Arturs Silovs with a rebound.
15:14 of 1st period - Wrist shot by Fabian Wagner.
15:14 of 1st period - Deflect By Atley Calvert.
15:14 of 1st period - Stopped by Cooper Black without a rebound.
15:15 of 1st period - Jack McBain wins face-off versus Atley Calvert in Philadelphia Phantoms zone.
15:17 of 1st period - Minor Penalty to Michael Carcone for Holding Stick.
15:18 of 1st period - Alex Steeves wins face-off versus Steven Lorentz in Philadelphia Phantoms zone.
15:31 of 1st period - Slapshot by Tyson Barrie.
15:31 of 1st period - Stopped by Cooper Black with a rebound.
15:43 of 1st period - Jack McBain is hit by Ivan Ivan and loses puck.
17:17 of 1st period - Penalty to Michael Carcone is over, Michael Carcone is back on ice.
17:23 of 1st period - Ryan Winterton is hit by Hunter Drew and loses puck.
18:34 of 1st period - Chase Wheatcroft is hit by Juuso Parssinen and loses puck.
19:14 of 1st period - William Carrier is hit by Jack McBain and loses puck.
19:37 of 1st period - Ryan Mast is hit by Juuso Parssinen and loses puck.
Goals for this period are 0 for Philadelphia Phantoms vs 1 for Tucson Roadrunners.
Shots for this period are 4 for Philadelphia Phantoms vs 8 for Tucson Roadrunners.

2nd period


0:01 of 2nd period - Steven Lorentz wins face-off versus Jack McBain in neutral zone.
0:34 of 2nd period - Wrist shot by Ivan Ivan.
0:34 of 2nd period - Shot Hit the Post.
0:36 of 2nd period - Slapshot by Topias Vilen.
0:36 of 2nd period - Deflect By J.J. Moser.
0:36 of 2nd period - Stopped by Cooper Black without a rebound.
0:37 of 2nd period - Atley Calvert wins face-off versus Nils Aman in Philadelphia Phantoms zone.
0:52 of 2nd period - Snap shot by Atley Calvert.
0:52 of 2nd period - Shot Misses the Net.
1:31 of 2nd period - Slapshot by Jacob Quillan.
1:31 of 2nd period - Shot Blocked by Chase Wheatcroft.
1:33 of 2nd period - Slapshot by Zac Jones.
1:33 of 2nd period - Shot Blocked by Maxwell Crozier.
1:48 of 2nd period - Slapshot by Luca Del Bel Belluz.
1:48 of 2nd period - Stopped by Arturs Silovs with a rebound.
1:50 of 2nd period - Snap shot by Luca Del Bel Belluz.
1:50 of 2nd period - Goal by Luca Del Bel Belluz - Philadelphia Phantoms : 1 - Tucson Roadrunners : 1.
1:51 of 2nd period - Jack McBain wins face-off versus Walker Duehr in neutral zone.
2:07 of 2nd period - Snap shot by Steven Lorentz.
2:07 of 2nd period - Stopped by Cooper Black without a rebound.
2:08 of 2nd period - Alex Steeves wins face-off versus Ivan Ivan in Philadelphia Phantoms zone.
2:33 of 2nd period - Tyson Barrie is hit by Jack McBain and loses puck.
2:38 of 2nd period - Wrist shot by Tye Kartye.
2:38 of 2nd period - Deflect By Tyson Barrie.
2:38 of 2nd period - Shot Misses the Net.
2:38 of 2nd period - Puck is out of play.
2:39 of 2nd period - Jack McBain wins face-off versus Steven Lorentz in Tucson Roadrunners zone.
2:42 of 2nd period - Wrist shot by Jack McBain.
2:42 of 2nd period - Shot Misses the Net.
2:50 of 2nd period - Slapshot by Steven Lorentz.
2:50 of 2nd period - Stopped by Cooper Black with a rebound.
3:21 of 2nd period - Snap shot by Michael Carcone.
3:21 of 2nd period - Shot Blocked by Samuel Knazko.
3:39 of 2nd period - Slapshot by Tyson Barrie.
3:39 of 2nd period - Stopped by Cooper Black with a rebound.
3:41 of 2nd period - Slapshot by Tyson Barrie.
3:41 of 2nd period - Deflect By Adam Klapka.
3:41 of 2nd period - Stopped by Cooper Black with a rebound.
3:43 of 2nd period - Snap shot by Chase Wheatcroft.
3:43 of 2nd period - Stopped by Cooper Black with a rebound.
4:15 of 2nd period - Steven Lorentz is hit by Marc Gatcomb and loses puck.
4:30 of 2nd period - Nils Aman is hit by Ryan Mast and loses puck.
4:38 of 2nd period - Off-side.
4:39 of 2nd period - Ondrej Pavel wins face-off versus Luca Del Bel Belluz in neutral zone.
4:47 of 2nd period - Off-side.
4:48 of 2nd period - Luca Del Bel Belluz wins face-off versus Walker Duehr in neutral zone.
4:59 of 2nd period - Slapshot by Luca Del Bel Belluz.
4:59 of 2nd period - Shot Misses the Net.
5:21 of 2nd period - Snap shot by Ivan Ivan.
5:21 of 2nd period - Stopped by Cooper Black without a rebound.
5:22 of 2nd period - Steven Lorentz wins face-off versus Alex Steeves in Philadelphia Phantoms zone.
5:33 of 2nd period - Off-side.
5:34 of 2nd period - Jacob Quillan wins face-off versus Steven Lorentz in neutral zone.
5:46 of 2nd period - Off-side.
5:47 of 2nd period - Steven Lorentz wins face-off versus Alex Steeves in neutral zone.
5:53 of 2nd period - Icing by Nils Aman.
5:54 of 2nd period - Steven Lorentz wins face-off versus Alex Steeves in Philadelphia Phantoms zone.
6:10 of 2nd period - Snap shot by Steven Lorentz.
6:10 of 2nd period - Shot Blocked by Alex Steeves.
6:20 of 2nd period - Slapshot by Alex Steeves.
6:20 of 2nd period - Stopped by Arturs Silovs with a rebound.
6:40 of 2nd period - Wrist shot by Marc Gatcomb.
6:40 of 2nd period - Goal by Marc Gatcomb - Philadelphia Phantoms : 2 - Tucson Roadrunners : 1.
6:41 of 2nd period - Jacob Quillan wins face-off versus Ivan Ivan in neutral zone.
6:52 of 2nd period - Wrist shot by Juuso Parssinen.
6:52 of 2nd period - Shot Misses the Net.
6:54 of 2nd period - Snap shot by Adam Klapka.
6:54 of 2nd period - Shot Blocked by Tyson Barrie.
6:56 of 2nd period - Snap shot by Adam Klapka.
6:56 of 2nd period - Stopped by Arturs Silovs with a rebound.
7:14 of 2nd period - Backhand shot by Tyson Barrie.
7:14 of 2nd period - Stopped by Cooper Black with a rebound.
7:52 of 2nd period - Wrist shot by Michael Carcone.
7:52 of 2nd period - Stopped by Arturs Silovs with a rebound.
8:12 of 2nd period - Wrist shot by Ivan Ivan.
8:12 of 2nd period - Stopped by Cooper Black with a rebound.
8:14 of 2nd period - Wrist shot by Ryan Mast.
8:14 of 2nd period - Stopped by Cooper Black with a rebound.
8:16 of 2nd period - Slapshot by Chase Wheatcroft.
8:16 of 2nd period - Deflect By Ivan Ivan.
8:16 of 2nd period - Shot Blocked by Juuso Parssinen.
8:16 of 2nd period - Puck is out of play.
8:17 of 2nd period - Atley Calvert wins face-off versus Jack McBain in Philadelphia Phantoms zone.
8:32 of 2nd period - Wrist shot by Jack McBain.
8:32 of 2nd period - Stopped by Arturs Silovs with a rebound.
8:42 of 2nd period - Tanner Dickinson is hit by Nils Aman and loses puck.
9:11 of 2nd period - Snap shot by Juuso Parssinen.
9:11 of 2nd period - Shot Misses the Net.
9:30 of 2nd period - Maxwell Crozier is hit by Louis Crevier and loses puck.
10:09 of 2nd period - Slapshot by Adam Klapka.
10:09 of 2nd period - Shot Misses the Net.
10:11 of 2nd period - Snap shot by Juuso Parssinen.
10:11 of 2nd period - Shot Misses the Net.
10:13 of 2nd period - Snap shot by Adam Klapka.
10:13 of 2nd period - Shot Blocked by Samuel Knazko.
10:15 of 2nd period - Snap shot by Juuso Parssinen.
10:15 of 2nd period - Goal by Juuso Parssinen - Philadelphia Phantoms : 3 - Tucson Roadrunners : 1.
10:15 of 2nd period - Vyacheslav Peksa enters game.
10:16 of 2nd period - Steven Lorentz wins face-off versus Luca Del Bel Belluz in neutral zone.
10:52 of 2nd period - Icing by Tyson Barrie.
10:53 of 2nd period - Jack McBain wins face-off versus Steven Lorentz in Tucson Roadrunners zone.
10:56 of 2nd period - Snap shot by Michael Carcone.
10:56 of 2nd period - Shot Misses the Net.
11:02 of 2nd period - Snap shot by Michael Carcone.
11:02 of 2nd period - Shot Misses the Net.
11:17 of 2nd period - Wrist shot by William Carrier.
11:17 of 2nd period - Shot Blocked by Tyler Kleven.
11:38 of 2nd period - Icing by Steven Lorentz.
11:39 of 2nd period - Steven Lorentz wins face-off versus Alex Steeves in Tucson Roadrunners zone.
11:39 of 2nd period - William Carrier is hit by Nils Aman and loses puck.
11:44 of 2nd period - Wrist shot by Nikolai Kovalenko.
11:44 of 2nd period - Shot Misses the Net.
12:01 of 2nd period - Wrist shot by Walker Duehr.
12:01 of 2nd period - Shot Blocked by Louis Crevier.
12:03 of 2nd period - Snap shot by William Carrier.
12:03 of 2nd period - Stopped by Cooper Black with a rebound.
12:18 of 2nd period - Off-side.
12:19 of 2nd period - Ivan Ivan wins face-off versus Marc Gatcomb in neutral zone.
12:32 of 2nd period - Wrist shot by Marc Gatcomb.
12:32 of 2nd period - Shot Blocked by Chase Wheatcroft.
12:34 of 2nd period - Snap shot by Alex Steeves.
12:34 of 2nd period - Stopped by Vyacheslav Peksa with a rebound.
12:44 of 2nd period - Samuel Johannesson is hit by Tanner Dickinson and loses puck.
13:16 of 2nd period - Slapshot by Owen Lindmark.
13:16 of 2nd period - Shot Misses the Net.
13:43 of 2nd period - Tyler Kleven is hit by Topias Vilen.
13:52 of 2nd period - Jack McBain beats up Trevor Kuntar.
13:52 of 2nd period - Penalty to Trevor Kuntar for Fighting.
13:52 of 2nd period - Penalty to Jack McBain for Fighting.
13:53 of 2nd period - Hunter Haight wins face-off versus Alex Steeves in neutral zone.
14:26 of 2nd period - Snap shot by Michael Carcone.
14:26 of 2nd period - Stopped by Vyacheslav Peksa without a rebound.
14:27 of 2nd period - Juuso Parssinen wins face-off versus Steven Lorentz in Tucson Roadrunners zone.
15:29 of 2nd period - Snap shot by Alex Steeves.
15:29 of 2nd period - Shot Blocked by Tanner Dickinson.
16:10 of 2nd period - Snap shot by Tyson Barrie.
16:10 of 2nd period - Shot Blocked by Alex Steeves.
16:12 of 2nd period - Slapshot by Hunter Haight.
16:12 of 2nd period - Stopped by Cooper Black with a rebound.
16:22 of 2nd period - Tyson Barrie is hit by Adam Klapka and loses puck.
16:43 of 2nd period - Snap shot by Owen Lindmark.
16:43 of 2nd period - Deflect By Ondrej Pavel.
16:43 of 2nd period - Stopped by Cooper Black with a rebound.
16:56 of 2nd period - Nils Aman is hit by Chase Wheatcroft and loses puck.
18:01 of 2nd period - Wrist shot by Nikolai Kovalenko.
18:01 of 2nd period - Stopped by Vyacheslav Peksa without a rebound.
18:02 of 2nd period - Ondrej Pavel wins face-off versus Luca Del Bel Belluz in Tucson Roadrunners zone.
18:02 of 2nd period - Ondrej Pavel is hit by Ryan Winterton.
18:08 of 2nd period - J.J. Moser is hit by Maxwell Crozier and loses puck.
18:25 of 2nd period - William Carrier is hit by Nils Aman and loses puck.
18:44 of 2nd period - Slapshot by J.J. Moser.
18:44 of 2nd period - Stopped by Vyacheslav Peksa without a rebound.
18:45 of 2nd period - Hunter Haight wins face-off versus Alex Steeves in Tucson Roadrunners zone.
19:08 of 2nd period - Slapshot by Nikolai Kovalenko.
19:08 of 2nd period - Shot Blocked by Ivan Ivan.
19:40 of 2nd period - Wrist shot by Atley Calvert.
19:40 of 2nd period - Shot Misses the Net.
Goals for this period are 3 for Philadelphia Phantoms vs 0 for Tucson Roadrunners.
Shots for this period are 12 for Philadelphia Phantoms vs 13 for Tucson Roadrunners.

3rd period


0:01 of 3rd period - Alex Steeves wins face-off versus Fabian Wagner in neutral zone.
0:10 of 3rd period - Slapshot by Marc Gatcomb.
0:10 of 3rd period - Goal by Marc Gatcomb - Philadelphia Phantoms : 4 - Tucson Roadrunners : 1.
0:11 of 3rd period - Steven Lorentz wins face-off versus Adam Klapka in neutral zone.
0:18 of 3rd period - Off-side.
0:19 of 3rd period - Jacob Quillan wins face-off versus Steven Lorentz in neutral zone.
0:44 of 3rd period - Slapshot by Atley Calvert.
0:44 of 3rd period - Stopped by Cooper Black without a rebound.
0:45 of 3rd period - Atley Calvert wins face-off versus Alex Steeves in Philadelphia Phantoms zone.
1:09 of 3rd period - Snap shot by Alex Steeves.
1:09 of 3rd period - Stopped by Vyacheslav Peksa with a rebound.
1:19 of 3rd period - Snap shot by Tanner Dickinson.
1:19 of 3rd period - Stopped by Cooper Black without a rebound.
1:20 of 3rd period - Jacob Quillan wins face-off versus Ivan Ivan in Philadelphia Phantoms zone.
2:50 of 3rd period - Wrist shot by Adam Klapka.
2:50 of 3rd period - Stopped by Vyacheslav Peksa with a rebound.
3:03 of 3rd period - Wrist shot by Hunter Drew.
3:03 of 3rd period - Shot Misses the Net.
3:05 of 3rd period - Snap shot by Tanner Dickinson.
3:05 of 3rd period - Deflect By Fabian Wagner.
3:05 of 3rd period - Stopped by Cooper Black with a rebound.
3:07 of 3rd period - Wrist shot by Atley Calvert.
3:07 of 3rd period - Stopped by Cooper Black with a rebound.
3:09 of 3rd period - Slapshot by Hunter Drew.
3:09 of 3rd period - Stopped by Cooper Black without a rebound.
3:10 of 3rd period - Steven Lorentz wins face-off versus Luca Del Bel Belluz in Philadelphia Phantoms zone.
3:20 of 3rd period - Minor Penalty to Louis Crevier for Holding.
3:21 of 3rd period - Alex Steeves wins face-off versus Steven Lorentz in Philadelphia Phantoms zone.
3:47 of 3rd period - Hunter Haight is hit by Juuso Parssinen and loses puck.
3:58 of 3rd period - Snap shot by Juuso Parssinen.
3:58 of 3rd period - Goal by Juuso Parssinen - Philadelphia Phantoms : 5 - Tucson Roadrunners : 1.
3:58 of 3rd period - Arturs Silovs enters game.
3:59 of 3rd period - Alex Steeves wins face-off versus Steven Lorentz in neutral zone.
5:02 of 3rd period - Icing by Hunter Drew.
5:03 of 3rd period - Jack McBain wins face-off versus Hunter Haight in Tucson Roadrunners zone.
5:06 of 3rd period - Snap shot by Tye Kartye.
5:06 of 3rd period - Stopped by Arturs Silovs with a rebound.
5:20 of 3rd period - Penalty to Louis Crevier is over, Louis Crevier is back on ice.
5:24 of 3rd period - Snap shot by Walker Duehr.
5:24 of 3rd period - Stopped by Cooper Black with a rebound.
5:26 of 3rd period - Snap shot by Walker Duehr.
5:26 of 3rd period - Goal by Walker Duehr - Philadelphia Phantoms : 5 - Tucson Roadrunners : 2.
5:27 of 3rd period - Steven Lorentz wins face-off versus Jack McBain in neutral zone.
6:36 of 3rd period - Owen Lindmark is hit by Ryan Winterton.
6:40 of 3rd period - Luca Del Bel Belluz is hit by Owen Lindmark and loses puck.
6:48 of 3rd period - Minor Penalty to Ryan Winterton for Tripping.
6:49 of 3rd period - Steven Lorentz wins face-off versus Alex Steeves in Philadelphia Phantoms zone.
7:01 of 3rd period - Snap shot by Steven Lorentz.
7:01 of 3rd period - Stopped by Cooper Black with a rebound.
7:03 of 3rd period - Snap shot by Steven Lorentz.
7:03 of 3rd period - Shot Blocked by Alex Steeves.
7:05 of 3rd period - Snap shot by Maxwell Crozier.
7:05 of 3rd period - Deflect By William Carrier.
7:05 of 3rd period - Stopped by Cooper Black with a rebound.
7:15 of 3rd period - Juuso Parssinen is hit by Hunter Haight and loses puck.
7:20 of 3rd period - Wrist shot by Ivan Ivan.
7:20 of 3rd period - Stopped by Cooper Black without a rebound.
7:21 of 3rd period - Jack McBain wins face-off versus Ivan Ivan in Philadelphia Phantoms zone.
7:34 of 3rd period - Wrist shot by Ivan Ivan.
7:34 of 3rd period - Stopped by Cooper Black with a rebound.
8:03 of 3rd period - Off-side.
8:04 of 3rd period - Jack McBain wins face-off versus Steven Lorentz in neutral zone.
8:48 of 3rd period - Penalty to Ryan Winterton is over, Ryan Winterton is back on ice.
8:56 of 3rd period - Wrist shot by Ondrej Pavel.
8:56 of 3rd period - Shot Misses the Net.
9:04 of 3rd period - Snap shot by Ryan Winterton.
9:04 of 3rd period - Stopped by Arturs Silovs without a rebound.
9:05 of 3rd period - Tanner Dickinson wins face-off versus Alex Steeves in Tucson Roadrunners zone.
9:10 of 3rd period - Snap shot by Nils Aman.
9:10 of 3rd period - Stopped by Arturs Silovs with a rebound.
9:38 of 3rd period - Minor Penalty to Maxwell Crozier for High sticking.
9:39 of 3rd period - Luca Del Bel Belluz wins face-off versus Steven Lorentz in Tucson Roadrunners zone.
10:05 of 3rd period - Adam Klapka is hit by William Carrier.
10:09 of 3rd period - Snap shot by Zac Jones.
10:09 of 3rd period - Stopped by Arturs Silovs with a rebound.
10:11 of 3rd period - Wrist shot by Alex Steeves.
10:11 of 3rd period - Goal by Alex Steeves - Philadelphia Phantoms : 6 - Tucson Roadrunners : 2.
10:12 of 3rd period - Ivan Ivan wins face-off versus Jack McBain in neutral zone.
10:15 of 3rd period - Wrist shot by Maxwell Crozier.
10:15 of 3rd period - Stopped by Cooper Black with a rebound.
10:17 of 3rd period - Backhand shot by Maxwell Crozier.
10:17 of 3rd period - Stopped by Cooper Black without a rebound.
10:18 of 3rd period - Jack McBain wins face-off versus Ivan Ivan in Philadelphia Phantoms zone.
11:12 of 3rd period - Owen Lindmark and Jack McBain fight to a draw.
11:12 of 3rd period - Penalty to Owen Lindmark for Fighting.
11:12 of 3rd period - Penalty to Jack McBain for Fighting.
11:13 of 3rd period - Adam Klapka wins face-off versus Steven Lorentz in neutral zone.
12:15 of 3rd period - Topias Vilen is hit by Samuel Johannesson and loses puck.
12:37 of 3rd period - Wrist shot by Steven Lorentz.
12:37 of 3rd period - Shot Blocked by J.J. Moser.
13:08 of 3rd period - Slapshot by Ryan Mast.
13:08 of 3rd period - Stopped by Cooper Black with a rebound.
13:10 of 3rd period - Snap shot by Hunter Haight.
13:10 of 3rd period - Shot Misses the Net.
13:12 of 3rd period - Wrist shot by Ivan Ivan.
13:12 of 3rd period - Stopped by Cooper Black with a rebound.
13:14 of 3rd period - Snap shot by Chase Wheatcroft.
13:14 of 3rd period - Shot Misses the Net.
13:16 of 3rd period - Wrist shot by Hunter Haight.
13:16 of 3rd period - Shot Blocked by Albert Johansson.
13:18 of 3rd period - Wrist shot by Chase Wheatcroft.
13:18 of 3rd period - Goal by Chase Wheatcroft - Philadelphia Phantoms : 6 - Tucson Roadrunners : 3.
13:19 of 3rd period - Jacob Quillan wins face-off versus Steven Lorentz in neutral zone.
13:30 of 3rd period - Walker Duehr is hit by Adam Klapka and loses puck.
14:45 of 3rd period - Wrist shot by Walker Duehr.
14:45 of 3rd period - Deflect By William Carrier.
14:45 of 3rd period - Shot Misses the Net.
14:45 of 3rd period - Puck is out of play.
14:46 of 3rd period - Steven Lorentz wins face-off versus Jacob Quillan in Philadelphia Phantoms zone.
15:01 of 3rd period - Slapshot by William Carrier.
15:01 of 3rd period - Shot Misses the Net.
15:15 of 3rd period - Slapshot by Ondrej Pavel.
15:15 of 3rd period - Deflect By Atley Calvert.
15:15 of 3rd period - Deflect By J.J. Moser.
15:15 of 3rd period - Shot Blocked by Samuel Johannesson.
15:15 of 3rd period - Puck is out of play.
15:16 of 3rd period - Luca Del Bel Belluz wins face-off versus Ondrej Pavel in Philadelphia Phantoms zone.
15:49 of 3rd period - Alex Steeves is hit by Steven Lorentz and loses puck.
16:06 of 3rd period - Jacob Quillan is hit by Chase Wheatcroft.
16:29 of 3rd period - Adam Klapka is hit by Maxwell Crozier and loses puck.
16:46 of 3rd period - Wrist shot by Ondrej Pavel.
16:46 of 3rd period - Stopped by Cooper Black with a rebound.
17:02 of 3rd period - Samuel Johannesson is hit by Owen Lindmark.
17:11 of 3rd period - Icing by Topias Vilen.
17:12 of 3rd period - Alex Steeves wins face-off versus Trevor Kuntar in Tucson Roadrunners zone.
17:24 of 3rd period - Backhand shot by Alex Steeves.
17:24 of 3rd period - Shot Misses the Net.
17:26 of 3rd period - Wrist shot by Alex Steeves.
17:26 of 3rd period - Stopped by Arturs Silovs with a rebound.
17:28 of 3rd period - Wrist shot by Nils Aman.
17:28 of 3rd period - Shot Blocked by Topias Vilen.
18:08 of 3rd period - Snap shot by Chase Wheatcroft.
18:08 of 3rd period - Shot Misses the Net.
18:57 of 3rd period - Off-side.
18:58 of 3rd period - Steven Lorentz wins face-off versus Alex Steeves in neutral zone.
19:08 of 3rd period - Snap shot by Nils Aman.
19:08 of 3rd period - Stopped by Arturs Silovs with a rebound.
19:10 of 3rd period - Slapshot by Samuel Johannesson.
19:10 of 3rd period - Stopped by Arturs Silovs without a rebound.
19:11 of 3rd period - Jack McBain wins face-off versus Ivan Ivan in Tucson Roadrunners zone.
19:14 of 3rd period - Wrist shot by Michael Carcone.
19:14 of 3rd period - Shot Misses the Net.
19:40 of 3rd period - Off-side.
19:41 of 3rd period - Luca Del Bel Belluz wins face-off versus Walker Duehr in neutral zone.
19:44 of 3rd period - Snap shot by Luca Del Bel Belluz.
19:44 of 3rd period - Stopped by Arturs Silovs with a rebound.
19:58 of 3rd period - Topias Vilen is hit by Samuel Johannesson and loses puck.
Goals for this period are 3 for Philadelphia Phantoms vs 2 for Tucson Roadrunners.
Shots for this period are 13 for Philadelphia Phantoms vs 17 for Tucson Roadrunners.